[Event "Early-Titled-Tuesday-Blitz-September-05-2023"]
[Site "Chess.com"]
[Date "2023.09.05"]
[Round "2"]
[White "Orlov_Oleg"]
[Black "Aisen1011"]
[Result "1-0"]
[WhiteElo "2577"]
[BlackElo "2386"]
[TimeControl "180+1"]
[EndTime "8:17:12 PDT"]
[Termination "Orlov_Oleg won on time"]

1. e4 e5 2. Nf3 Nc6 3. Bb5 a6 4.
Ba4 Nge7 5. c3 g6 6. d4 exd4 7. cxd4 b5 8. Bb3 Bg7 9. O-O O-O 10. d5 Na5 11. Bc2 d6 12. Re1 c5 13. dxc6 Nexc6 14. Bg5 Qc7 15. Nc3 Be6 16. Bd3 h6 17. Bh4 Nc4 18. Bxc4 Bxc4 19. Rc1 Qa5 20. Nd2 Be6 21.
Nb3 Bxb3 22. Qxb3 Nd4 23. Qd5 Rac8 24. Be7 Rfe8 25. Bxd6 b4 26. Qxa5 bxc3 27. Rxc3 Nc6 28. Qxa6 Bxc3 29. bxc3 Red8 30. e5 Re8 31. f4 Ne7 32. Bxe7 Ra8 33. Qf6 Ra6 34. e6 Rxe6 35.
Rxe6 1-0

[Event "Early-Titled-Tuesday-Blitz-September-05-2023"]
[Site "Chess.com"]
[Date "2023.09.05"]
[Round "2"]
[White "NowInChess"]
[Black "infinitegiantkiller"]
[Result "0-1"]
[WhiteElo "2267"]
[BlackElo "2489"]
[TimeControl "180+1"]
[EndTime "8:17:12 PDT"]
[Termination "infinitegiantkiller won on time"]

1. e4 g6 2. Nc3 Bg7 3. f4 c6 4. Bc4 e6 5. Bb3 d5 6. d3 Ne7 7. Nf3 Nd7 8. O-O O-O 9. a4 a5 10. f5 exf5 11. exd5 cxd5 12. Nxd5 Nc5 13. Nxe7+ Qxe7 14. Bg5 Qc7 15. Bc4 Be6 16. Bxe6 Nxe6 17. Rb1 Rac8 18. c3 Nxg5 19. Nxg5 Rfd8 20. Qf3 Qd7 21. Rbd1 h6 22. Nh3 b5 23. axb5 Qxb5 24. Rf2 Rd7 25. g4 fxg4 26. Qxg4 Rcd8 27. Qf3 f5 28. d4 a4 29. Rg2 Kh7 30. Nf4 g5 31. Ne6 Re8 32. d5 Kg6 33. Nxg7 Rxg7 34. d6 Rd7 35. Rgd2 Re5 36. Qf2 f4 37. Qf1 Kf6 0-1

[Event "Early-Titled-Tuesday-Blitz-September-05-2023"]
[Site "Chess.com"]
[Date "2023.09.05"]
[Round "2"]
[White "SaiHanThiha"]
[Black "lacafi"]
[Result "1/2-1/2"]
[WhiteElo "2463"]
[BlackElo "2205"]
[TimeControl "180+1"]
[EndTime "8:17:12 PDT"]
[Termination "Game drawn by repetition"]

1. Nf3 f5 2. d3 Nf6 3. e4 d5 4. exd5 Nxd5 5. d4 g6 6. c4 Nf6 7. h4 Bg7 8. h5 Nxh5 9. Rxh5 gxh5 10.
Nc3 O-O 11. Bf4 c6 12. c5 b5 13. cxb6 axb6 14. Bc4+ e6 15. Ne5 Qe8 16. Qf3 Ba6 17.
Bb3 Nd7 18. Nxc6 Nf6 19. O-O-O Bb7 20. d5 exd5 21. Nxd5 Nxd5 22. Bxd5+ Kh8 23. Kb1 Rf6 24. Be5 Rxc6 25. Bxg7+ Kxg7 26. Qg3+ Kh8 27. Bxc6 Bxc6 28. Qc3+ Kg8 29. Qc4+ Kg7 30. Qc3+ Kg8 31. Qc4+ Kg7 32.
Qc3+ Kg8 1/2-1/2

[Event "Early-Titled-Tuesday-Blitz-September-05-2023"]
[Site "Chess.com"]
[Date "2023.09.05"]
[Round "2"]
[White "Amirreza_p"]
[Black "platy3"]
[Result "0-1"]
[WhiteElo "2605"]
[BlackElo "2919"]
[TimeControl "180+1"]
[EndTime "8:17:14 PDT"]
[Termination "platy3 won on time"]

1. Nf3 Nf6 2. c4 b6 3. g3 Bb7 4. Bg2 g6 5. b3 Bg7 6. Bb2 c5 7. O-O O-O 8. d4 cxd4 9. Qxd4 d6 10. Nc3 Nbd7 11. Rac1 Rc8 12. Rfd1 a6 13. h3 Re8 14.
Qd2 Nc5 15. Nd4 Bxg2 16. Kxg2 Qd7 17. Re1 Qb7+ 18. Nf3 b5 19. Nd5 Nce4 20. Nxf6+ Bxf6 21. Qc2 Bxb2 22. Qxb2 bxc4 23. Qd4 cxb3 24. axb3 Nc5 25. Rb1 a5 26. b4 Ne6 27. Qd2 a4 28. Qa2 Ra8 29. Qa3 Qb5 30. e3 Rec8 31. Rec1 Rab8 32. Rxc8+ Rxc8 33. Ra1 Ra8 34. Rc1 Rb8 35. Rb1 h5 36. h4 Nd8 37. Rb2 Nc6 38. Nd4 Nxd4 39. exd4 Qd5+ 40.
Kh2 Qxd4 41. Rb1 Qxf2+ 0-1

[Event "Early-Titled-Tuesday-Blitz-September-05-2023"]
[Site "Chess.com"]
[Date "2023.09.05"]
[Round "2"]
[White "CarrotsandPizza"]
[Black "GrumbleBruno"]
[Result "1-0"]
[WhiteElo "2243"]
[BlackElo "2438"]
[TimeControl "180+1"]
[EndTime "8:17:14 PDT"]
[Termination "CarrotsandPizza won by resignation"]

1. e4 e5 2. Nf3 d5 3. exd5 e4 4.
Qe2 Nf6 5. Nc3 Be7 6. Nxe4 Nxd5 7. Qd1 O-O 8. Be2 Re8 9. O-O c5 10. d4 cxd4 11. Nxd4 Nc6 12. Nxc6 bxc6 13. Bf3 Qb6 14. c4 Nf6 15. Qc2 Nxe4 16. Bxe4 g6 17. Re1 Bc5 18.
Bh6 Be6 19. b3 Rad8 20. Rad1 Rxd1 21. Rxd1 Bg4 22. Rc1 Bxf2+ 23. Qxf2 Rxe4 24. h3 Be6 25. Rd1 Qxf2+ 26. Kxf2 f6 27. Be3 a5 28. Rd6 a4 29.
Rxc6 axb3 30. axb3 h5 31. Kf3 f5 32. Rc7 Bf7 33.
g3 Be6 34. h4 Bf7 35. Ke2 Be6 36. Kd3 Bf7 37. b4 Kf8 38. b5 Ke8 39. b6 Re7 40.
Rxe7+ Kxe7 41. b7 1-0

[Event "Early-Titled-Tuesday-Blitz-September-05-2023"]
[Site "Chess.com"]
[Date "2023.09.05"]
[Round "2"]
[White "Mr_Lion22"]
[Black "HamedWafa4"]
[Result "1-0"]
[WhiteElo "2424"]
[BlackElo "2623"]
[TimeControl "180+1"]
[EndTime "8:17:15 PDT"]
[Termination "Mr_Lion22 won by resignation"]

1. d4 Nf6 2. c4 e6 3. Nc3 Bb4 4. f3 d5 5. a3 Bxc3+ 6. bxc3 c6 7. Qc2 O-O 8. a4 b6 9. e3 Ba6 10. cxd5 Bxf1 11. Kxf1 cxd5 12. Ba3 Re8 13. c4 Qc8 14. Rc1 Qa6 15. Ne2 Nbd7 16. Qb3 Rac8 17. Qb5 Qxb5 18.
cxb5 Rxc1+ 19. Nxc1 Rc8 20. Kf2 Rc3 21. Be7 Rc4 22.
Nd3 Rxa4 23. Rc1 Ra2+ 24. Kg3 h5 25. Rc8+ Kh7 26. Bxf6 Nxf6 27. Ne5 h4+ 28. Kh3 Ra3 29. Nxf7 Rxe3 30. Rh8+ Kg6 31. Ne5+ Kf5 32. Rxh4 g5 33.
Rh6 g4+ 34. Kh4 gxf3 35. g4+ Nxg4 36. Nxg4 Ke4 37. Rxe6+ Kxd4 38. Rxe3 f2 39. Rf3 Kc4 40. Rxf2 Kxb5 41. Ne3 d4 42. Nf5 Kc4 43. Rf4 a5 44. Rxd4+ Kb3 45. Ne3 a4 46. Rd3+ Kb4 47. Kg4 b5 48. h4 Ka5 49. h5 b4 50. Rd5+ Kb6 51. Nc4+ Kc6 52. Ra5 a3 53. Nxa3 bxa3 54. Rxa3 1-0

[Event "Early-Titled-Tuesday-Blitz-September-05-2023"]
[Site "Chess.com"]
[Date "2023.09.05"]
[Round "2"]
[White "InitiatingASC"]
[Black "Jakuboss22005"]
[Result "1-0"]
[WhiteElo "2337"]
[BlackElo "2497"]
[TimeControl "180+1"]
[EndTime "8:17:15 PDT"]
[Termination "InitiatingASC won on time"]

1. c4 g6 2. Nf3 Bg7 3. g3 Nc6 4. Bg2 e5 5. O-O d6 6. d3 f5 7.
Nc3 Nf6 8. Ne1 O-O 9. Nc2 Nh5 10. Rb1 f4 11. Nd5 Be6 12. b4 Rb8 13. b5 Ne7 14.
Ncb4 Nf6 15. Nxe7+ Qxe7 16. gxf4 exf4 17. Bxf4 Nh5 18. Bg3 Kh8 19. Nd5 Qd7 20. a4 Bh3 21. Ne3 Bd4 22. Nc2 Bg7 23. Ne1 Bxg2 24. Kxg2 a6 25. e3 axb5 26. axb5 Ra8 27. d4 Qf5 28. Nd3 Ra2 29. Nf4 Nxf4+ 30. Bxf4 g5 31. Bg3 Qe4+ 32. Kg1 g4 33. Ra1 Rb2 34. Rb1 Rc2 35. Rc1 Ra2 36. Qb3 Rfa8 37. b6 cxb6 38. Bxd6 h5 39. Qxb6 h4 40.
Rb1 1-0

[Event "Early-Titled-Tuesday-Blitz-September-05-2023"]
[Site "Chess.com"]
[Date "2023.09.05"]
[Round "2"]
[White "AdrianaPalao"]
[Black "Smiechu"]
[Result "1-0"]
[WhiteElo "2077"]
[BlackElo "2427"]
[TimeControl "180+1"]
[EndTime "8:17:15 PDT"]
[Termination "AdrianaPalao won by resignation"]

1. e4 c5 2. Nf3 g6 3. d4 cxd4 4.
Nxd4 Nc6 5. Nc3 Bg7 6. Be3 Nf6 7. Bc4 O-O 8. Bb3 d6 9. f3 Bd7 10. Qd2 Rc8 11. O-O-O Nxd4 12. Bxd4 b5 13. Nd5 Nxd5 14. Bxg7 Kxg7 15. exd5 a5 16. a3 Kg8 17. h4 b4 18. h5 g5 19. Qxg5+ Kh8 20. a4 Qe8 21. Rhe1 f6 22. Qe3 Bxa4 23. Kb1 Bxb3 24. Qxb3 a4 25.
Qxb4 Rb8 26. Qa3 Qd7 27. Re4 Rb7 28. Qxa4 Qc7 29. Qc6 Qb8 30. b3 Rc8 31. Qa4 Ra7 32. Qd4 Qa8 33. h6 Ra2 34. Rxe7 Rf8 35. Re6 Ra7 36. Rxf6 Rxf6 37. Qxf6+ Kg8 38. Qe6+ Kh8 39.
Qf6+ Kg8 40. Re1 Rf7 41. Qg5+ Kh8 42. Re7 Qd8 43. Rxf7 Qxg5 44. Rf8+ 1-0

[Event "Early-Titled-Tuesday-Blitz-September-05-2023"]
[Site "Chess.com"]
[Date "2023.09.05"]
[Round "2"]
[White "DopplerCharlotteDeWitte"]
[Black "crazy_m_attack"]
[Result "1-0"]
[WhiteElo "2723"]
[BlackElo "2346"]
[TimeControl "180+1"]
[EndTime "8:17:16 PDT"]
[Termination "DopplerCharlotteDeWitte won by checkmate"]

1. e4 e5 2. Nf3 Nc6 3. d4 exd4 4. Nxd4 Nf6 5. Bb5 Bc5 6. Nb3 Bb6 7. Nc3 O-O 8. Bg5 Re8 9. O-O h6 10. Bh4 g5 11. Bg3 Nxe4 12. Qh5 Nxc3 13. bxc3 Qf6 14. Rae1 Rf8 15. Kh1 d6 16. f4 g4 17. Bd3 Qg7 18.
f5 Ne5 19. Bf4 Nxd3 20. Bxh6 Qh7 21. Qg5+ Kh8 22. Qf6+ Kg8 23. cxd3 Bd7 24. Re4 Bxf5 25. Rxf5 Qg6 26. Rg5 Kh7 27. Rxg6 fxg6 28. Qg7# 1-0

[Event "Early-Titled-Tuesday-Blitz-September-05-2023"]
[Site "Chess.com"]
[Date "2023.09.05"]
[Round "2"]
[White "fen_fire"]
[Black "miraitrunks"]
[Result "1-0"]
[WhiteElo "2445"]
[BlackElo "2023"]
[TimeControl "180+1"]
[EndTime "8:17:16 PDT"]
[Termination "fen_fire won on time"]

1. Nf3 Nf6 2. d4 d5 3. Nbd2 Bf5 4. e3 e6 5. Nh4 Bd6 6. Nxf5 exf5 7. Bd3 g6 8. c4 c6 9. Qb3 Qb6 10. c5 Qxb3 11.
axb3 Bc7 12. b4 O-O 13. g3 Nbd7 14. b5 Kg7 15. O-O Ne4 16. Nxe4 fxe4 17. Be2 f5 18. Bd2 g5 19. Ra2 Rf6 20. Rfa1 Bb8 21. bxc6 bxc6 22. Ba6 Bc7 23. Bb7 Rb8 24. Rxa7 f4 25. b4 fxg3 26.
hxg3 Rbf8 27. Be1 Bb8 28. R7a6 Bxg3 29. fxg3 Rf1+ 30. Kg2 R1f3 31. Bxc6 Nf6 32. Ra7+ Kg6 33. Ra8 Ng4 34. Rxf8 Nxe3+ 35. Kg1 Rxf8 36. Bb5 Kh5 37.
Be2+ 1-0

[Event "Early-Titled-Tuesday-Blitz-September-05-2023"]
[Site "Chess.com"]
[Date "2023.09.05"]
[Round "2"]
[White "GOGIEFF"]
[Black "Agibileg"]
[Result "0-1"]
[WhiteElo "2996"]
[BlackElo "2667"]
[TimeControl "180+1"]
[EndTime "8:17:17 PDT"]
[Termination "Agibileg won by resignation"]

1. d4 Nf6 2. Nf3 g6 3. c4 Bg7 4. Nc3 O-O 5. e4 d6 6. Be2 e5 7.
O-O Nc6 8. d5 Ne7 9. b4 Nd7 10. a4 f5 11. Nd2 Nf6 12. c5 f4 13.
Ba3 g5 14. b5 g4 15. cxd6 cxd6 16. Nc4 f3 17. gxf3 gxf3 18. Bxf3 Ne8 19. Kh1 Bh3 20. Rg1 Rc8 21. Qd3 Rxc4 22. Bh5 Qc8 23. Ne2 Ng6 24. Rg3 Bd7 25. Rag1 Rxf2 26. Bxg6 hxg6 27. Rxg6 Rc2 28. Qg3 Rf7 29. Qh4 Rxe2 30. Rh6 Rff2 31. Rh8+ Kf7 32.
Qh5+ Ke7 33. Rxg7+ Nxg7 34. Qg5+ Kf7 0-1

[Event "Early-Titled-Tuesday-Blitz-September-05-2023"]
[Site "Chess.com"]
[Date "2023.09.05"]
[Round "2"]
[White "chess94cu"]
[Black "ljm509"]
[Result "1-0"]
[WhiteElo "2719"]
[BlackElo "2315"]
[TimeControl "180+1"]
[EndTime "8:17:19 PDT"]
[Termination "chess94cu won on time"]

1. Nf3 Nf6 2. c4 g6 3. Nc3 Bg7 4. e4 d6 5. d4 O-O 6. Be2 e5 7. O-O Nc6 8. d5 Ne7 9. Ne1 Nd7 10. Nd3 f5 11. f3 Nf6 12. Be3 f4 13. Bf2 g5 14. c5 h5 15. Rc1 a6 16. Na4 g4 17.
cxd6 cxd6 18. Nb6 g3 19. Nxa8 gxf2+ 20. Rxf2 Ng6 21. Nc7 Qe7 22. Qb3 Bh6 23. Ne6 Bxe6 24. dxe6 Ng4 25. fxg4 hxg4 26. Bxg4 f3 27. Rcf1 Be3 28.
Bxf3 Bxf2+ 29. Rxf2 Kg7 30. g3 Qg5 31. Qxb7+ Kh6 32.
Qb4 Qe3 33. e7 Nxe7 34. Qxd6+ Ng6 35. Nxe5 1-0

[Event "Early-Titled-Tuesday-Blitz-September-05-2023"]
[Site "Chess.com"]
[Date "2023.09.05"]
[Round "2"]
[White "KNVB"]
[Black "Rakitic2010"]
[Result "1-0"]
[WhiteElo "2794"]
[BlackElo "2428"]
[TimeControl "180+1"]
[EndTime "8:17:20 PDT"]
[Termination "KNVB won by resignation"]

1. d4 Nf6 2. Bf4 c5 3. e3 Qb6 4.
Nc3 cxd4 5. exd4 Qxb2 6. Nb5 Nd5 7. Rb1 Qxa2 8. Bd2 Kd8 9. Ra1 Qb2 10. Bc4 a6 11.
Ba5+ b6 12. Bxd5 bxa5 13. Rb1 Qxb5 14. Rxb5 axb5 15. Bxa8 e6 16. Qd2 Bb4 17. c3 Bd6 18.
Ne2 Na6 19. O-O Nc7 20. Bf3 f6 21. Ra1 a4 22. c4 bxc4 23. Rxa4 Ke7 24. Rxc4 Ba6 25.
Ra4 Rb8 26. g3 h5 27. h4 g5 28. hxg5 Ne8 29. gxf6+ Nxf6 30. Rxa6 h4 31. gxh4 Nd5 32. Bxd5 exd5 33. Rxd6 Kxd6 34. Qf4+ Kc6 35. Qxb8 d6 36.
Qc8+ Kb6 37. Ng3 Kb5 38. Kg2 Ka4 39. Kf3 Kb3 40. Kg4 1-0

[Event "Early-Titled-Tuesday-Blitz-September-05-2023"]
[Site "Chess.com"]
[Date "2023.09.05"]
[Round "2"]
[White "Der_Balak_3Halak"]
[Black "GeorgiosSouleidis"]
[Result "1-0"]
[WhiteElo "2408"]
[BlackElo "2540"]
[TimeControl "180+1"]
[EndTime "8:17:20 PDT"]
[Termination "Der_Balak_3Halak won by checkmate"]

1. e4 c5 2. c3 e6 3. Nf3 d5 4. exd5 exd5 5. d4 Nf6 6. Bb5+ Bd7 7. Bxd7+ Nbxd7 8. O-O Be7 9. Bf4 O-O 10. Nbd2 c4 11.
a4 Nh5 12. Be3 f5 13. Ne5 g6 14. Bh6 Re8 15. Ndf3 Ndf6 16. Bg5 Qc7 17. b3 Ne4 18. Bxe7 Rxe7 19. bxc4 dxc4 20. Rc1 Nhf6 21. Qe2 Rc8 22.
Rfd1 Nd5 23. Qb2 b6 24. Nd2 Nxd2 25. Qxd2 Kg7 26. Re1 a6 27. h4 b5 28. axb5 axb5 29. h5 Qd6 30. Qg5 Qf6 31. h6+ Kg8 32. Qd2 f4 33. Rb1 b4 34. cxb4 c3 35. Qa2 Rd8 36. b5 Qb6 37. Nc6 Rxe1+ 38. Rxe1 Rd7 39. Ne7+ Rxe7 40.
Rxe7 Kf8 41. Rxh7 Qxd4 42. Qa8# 1-0

[Event "Early-Titled-Tuesday-Blitz-September-05-2023"]
[Site "Chess.com"]
[Date "2023.09.05"]
[Round "2"]
[White "Taran2004"]
[Black "PavelChernomordik"]
[Result "1-0"]
[WhiteElo "2354"]
[BlackElo "2506"]
[TimeControl "180+1"]
[EndTime "8:17:22 PDT"]
[Termination "Taran2004 won by resignation"]

1. e4 g6 2. d4 Bg7 3. Nc3 d6 4. Be3 a6 5. Nf3 b5 6. Bd3 Bb7 7. Qd2 Nd7 8. h4 h6 9. h5 g5 10.
a3 c5 11. d5 Ngf6 12. b4 Qc7 13. bxc5 Nxc5 14. Bd4 e5 15. dxe6 Nxe6 16. O-O g4 17.
Bxf6 Bxf6 18. Nd5 Bxd5 19. exd5 Bxa1 20. dxe6 gxf3 21. exf7+ Kf8 22. Rxa1 Qxf7 23. Be4 Rd8 24. Bxf3 Rg8 25. Qxh6+ Qg7 26. Qf4+ Qf7 27. Qxf7+ Kxf7 28. Bd5+ Kf6 29. Bxg8 Rxg8 30. f3 Ke5 31. Kf2 Rc8 32.
g4 Rxc2+ 33. Kg3 d5 34. f4+ Kf6 35. g5+ Kf5 36. Re1 Rc3+ 37. Kh4 Kxf4 38. Rf1+ Ke5 39.
h6 Rc2 40. Kh5 Rh2+ 41. Kg6 d4 42. h7 d3 43. Kg7 d2 44. g6 Kd4 45. h8=Q Rxh8 46.
Kxh8 a5 47. g7 1-0

[Event "Early-Titled-Tuesday-Blitz-September-05-2023"]
[Site "Chess.com"]
[Date "2023.09.05"]
[Round "2"]
[White "Rud_Makarian"]
[Black "GamayevOleg"]
[Result "1-0"]
[WhiteElo "2950"]
[BlackElo "2622"]
[TimeControl "180+1"]
[EndTime "8:17:23 PDT"]
[Termination "Rud_Makarian won by checkmate"]

1. d4 Nf6 2. c4 e6 3. Nf3 b6 4. g3 Bb7 5. Bg2 Be7 6. O-O O-O 7. Re1 Ne4 8. Nfd2 f5 9. Nxe4 Bxe4 10. Bxe4 fxe4 11.
Nc3 d5 12. cxd5 exd5 13. Qb3 c6 14. Nxe4 Nd7 15. Nc3 Kh8 16. Bf4 Rxf4 17. gxf4 Bd6 18. e3 Qh4 19. Qd1 Rf8 20. Qf3 g5 21. Kh1 Nf6 22. Qg3 Qh5 23. Qxg5 Qf3+ 24. Qg2 Qh5 25. f3 Rg8 26. Qf2 Rg6 27. Rg1 Rh6 28. Rg5 Qh3 29.
Rag1 Rh4 30. Qg3 Qxg3 31. R1xg3 Rh6 32. Kg2 b5 33. Rh3 Rxh3 34. Kxh3 h6 35. Rg6 Be7 36. f5 Kh7 37. e4 b4 38. Ne2 dxe4 39.
fxe4 Nxe4 40. Rxc6 Ng5+ 41. Kg4 Bd8 42. Nf4 Ne4 43.
Nd5 Nf2+ 44. Kf3 Nd3 45. Rd6 Bg5 46. Rd7+ Kg8 47. f6 Nxb2 48. h4 Bxh4 49. Kg4 Bg5 50. Kf5 Kf8 51. Ke6 Kg8 52. Rg7+ Kf8 53. Ne7 Nd3 54. Rg8# 1-0

[Event "Early-Titled-Tuesday-Blitz-September-05-2023"]
[Site "Chess.com"]
[Date "2023.09.05"]
[Round "2"]
[White "AlexanderL"]
[Black "Pingah9"]
[Result "1-0"]
[WhiteElo "2857"]
[BlackElo "2584"]
[TimeControl "180+1"]
[EndTime "8:17:24 PDT"]
[Termination "AlexanderL won on time"]

1. Nf3 Nf6 2. b3 d5 3. Bb2 e6 4. c4 Be7 5. e3 O-O 6. Nc3 b6 7. cxd5 exd5 8. d4 Bb7 9. Bd3 Nbd7 10. O-O a6 11. Qc2 Re8 12. Rfd1 Nf8 13. Ne2 Ne4 14. Rac1 c5 15. dxc5 Nxc5 16. Qb1 Nxd3 17. Qxd3 Ne6 18. Nc3 Bf6 19. Na4 Bxb2 20. Nxb2 Nc5 21. Qf5 g6 22. Qg5 Qxg5 23. Nxg5 Ne4 24. Nxe4 Rxe4 25. Rc7 Rb8 26. Na4 Re6 27. Nc3 Kf8 28. h3 Re5 29. Ne2 Re7 30. Rdc1 Ke8 31. Nd4 h5 32. Rxe7+ Kxe7 33. Rc7+ Kf6 34. Rd7 Ba8 35. f4 Kg7 36. Kf2 Kf8 37. Ra7 Bb7 38. f5 g5 39. f6 Ke8 40.
Nf3 g4 41. hxg4 hxg4 42. Ne5 b5 43. Nd3 Bc8 44. Nb4 Bb7 45. Nd3 Bc8 46. Kg3 Rb6 47. Rc7 Bd7 48. Ne5 Rd6 49. Nxd7 Rxd7 50. Rc6 d4 51.
exd4 Rxd4 52. Rxa6 Kd7 53. Kh4 Rd2 54. g3 Rd4 55. Kg5 b4 56. Ra7+ Ke8 57. Kh6 Rd5 58. Rb7 Rd6 59. Kg7 Rd5 60. Re7+ Kd8 61. Re3 1-0

[Event "Early-Titled-Tuesday-Blitz-September-05-2023"]
[Site "Chess.com"]
[Date "2023.09.05"]
[Round "2"]
[White "Yeremyan_ChessMate"]
[Black "ViIIagra"]
[Result "1-0"]
[WhiteElo "2650"]
[BlackElo "2940"]
[TimeControl "180+1"]
[EndTime "8:17:25 PDT"]
[Termination "Yeremyan_ChessMate won by checkmate"]

1. d4 d6 2. Nf3 Nf6 3. g3 c6 4. Bg2 Bf5 5. O-O h6 6. c4 e6 7. Nfd2 d5 8. Nc3 Nbd7 9. e4 dxe4 10. Ndxe4 Be7 11. Be3 Nxe4 12. Nxe4 O-O 13. Nc3 Bf6 14.
d5 exd5 15. cxd5 c5 16. d6 Rb8 17. Re1 Re8 18. Qd2 Qb6 19. Rac1 Qb4 20. a3 Qb3 21. Bd5 Bxc3 22. Rxc3 Qb5 23. Rcc1 Be6 24. Bg2 b6 25. b4 c4 26. Bd4 Rbc8 27. Rc3 Qg5 28. Rce3 Red8 29. h4 Qh5 30. Bc3 Nf6 31. Qd4 Rd7 32.
Bf3 Qg6 33. h5 Qf5 34. g4 Qg5 35. Re5 Qh4 36. Rxe6 fxe6 37. Rxe6 Rf8 38. Qxc4 Kh8 39. Re7 Rxd6 40. Qc7 Rfd8 41. Kg2 Qg5 42. Be5 Nxg4 43. Rxg7 Ne3+ 44. Kh3 Qf5+ 45. Bg4 Nxg4 46. Rh7+ Kg8 47. Qg7# 1-0

[Event "Early-Titled-Tuesday-Blitz-September-05-2023"]
[Site "Chess.com"]
[Date "2023.09.05"]
[Round "2"]
[White "bescmelasti"]
[Black "TimofeevAr"]
[Result "1/2-1/2"]
[WhiteElo "2596"]
[BlackElo "2854"]
[TimeControl "180+1"]
[EndTime "8:17:25 PDT"]
[Termination "Game drawn by repetition"]

1. e4 e6 2. d4 d5 3. Nc3 dxe4 4. Nxe4 Nd7 5. Nf3 Ngf6 6. Nxf6+ Nxf6 7. Bd3 c5 8. O-O cxd4 9. Nxd4 Bc5 10. c3 O-O 11. Nb3 Be7 12. Bg5 h6 13. Bh4 Bd7 14. Re1 Bc6 15. Nd4 Bd5 16. Qe2 a6 17. Rad1 Qb6 18.
c4 Bc6 19. a3 Rad8 20. Nxc6 Qxc6 21. b4 Rd7 22. c5 Rfd8 23. Bc2 Nd5 24. Bxe7 Nxe7 25.
Rxd7 Rxd7 26. Rd1 Nd5 27. Qe4 f5 28. Qe5 Nf6 29. Re1 Kf7 30. Bb3 Nd5 31. g3 h5 32.
h4 b6 33. cxb6 Qxb6 34. Qe2 g6 35. Qe5 Qd6 36. Qh8 Nc7 37. Qh7+ Kf6 38. Qh8+ Kf7 39.
Qh7+ Kf6 40. Qh6 Kf7 41. Rd1 Nd5 42. Qh7+ Kf6 43. Qh8+ Kf7 44. Qh7+ Kf6 45. Qh8+ Kf7 46. Qh7+ 1/2-1/2

[Event "Early-Titled-Tuesday-Blitz-September-05-2023"]
[Site "Chess.com"]
[Date "2023.09.05"]
[Round "2"]
[White "Karttunen"]
[Black "francyIM"]
[Result "0-1"]
[WhiteElo "2579"]
[BlackElo "2847"]
[TimeControl "180+1"]
[EndTime "8:17:25 PDT"]
[Termination "francyIM won by resignation"]

1. e4 Nc6 2. d4 d5 3. e5 Bf5 4. c3 e6 5. f4 f6 6. Nf3 Nge7 7. Be3 Ng6 8. Nbd2 Qd7 9. b4 Be7 10.
Be2 O-O 11. O-O Rf7 12. Qe1 Raf8 13. Qg3 Bd8 14. Nb3 b6 15. a4 Bc2 16. Nbd2 a5 17. Bb5 Kh8 18. Rfc1 Bf5 19. c4 Nge7 20. cxd5 Qxd5 21.
Bc4 Qd7 22. bxa5 Nxa5 23. Be2 Nd5 24. Bf2 Be7 25. Nh4 fxe5 26. fxe5 Bb4 27. Be1 Ne7 28. Ndf3 Bxe1 29. Rxe1 h6 30. Nxf5 Nxf5 31. Qg6 Nxd4 32. Bd3 Nf5 33. Rad1 Qxa4 34. g4 Qf4 35. Rf1 Nc6 36.
gxf5 Ne7 37. Qg3 Qe3+ 38. Kg2 Nxf5 39. Bxf5 Rxf5 40. Rd7 g5 41. Qh3 g4 42. Qh5 Rxh5 0-1

[Event "Early-Titled-Tuesday-Blitz-September-05-2023"]
[Site "Chess.com"]
[Date "2023.09.05"]
[Round "2"]
[White "wqws"]
[Black "amintabatabaei"]
[Result "0-1"]
[WhiteElo "2652"]
[BlackElo "3016"]
[TimeControl "180+1"]
[EndTime "8:17:26 PDT"]
[Termination "amintabatabaei won by resignation"]

1. e4 c6 2. d4 d5 3. e5 Bf5 4. h4 h6 5. c4 e6 6. Nc3 Nd7 7. Nf3 dxc4 8. Bxc4 Nb6 9. Bd3 Ne7 10.
O-O Bxd3 11. Qxd3 Nf5 12. h5 Be7 13. Bf4 Nd5 14. Bd2 O-O 15. Ne4 Qb6 16. b3 Rad8 17. Rad1 Rd7 18. g4 Nh4 19. Nxh4 Bxh4 20. g5 Ne7 21. gxh6 Nf5 22. hxg7 Kxg7 23. Bc3 Kh8 24. Kh1 Rfd8 25. Qf3 Qb5 26. Qf4 Qd5 27. f3 Rg8 28.
Rg1 Rdd8 29. Rdf1 b6 30. Kh2 c5 31. Rg4 cxd4 32. Bd2 Be7 33. Ng3 Qc6 34. Nxf5 exf5 35. Rg6 Rxg6 36. hxg6 Qxg6 37. Rh1 Rg8 0-1

[Event "Early-Titled-Tuesday-Blitz-September-05-2023"]
[Site "Chess.com"]
[Date "2023.09.05"]
[Round "2"]
[White "nss13"]
[Black "kaanadayhamle"]
[Result "0-1"]
[WhiteElo "2467"]
[BlackElo "2361"]
[TimeControl "180+1"]
[EndTime "8:17:26 PDT"]
[Termination "kaanadayhamle won on time"]

1. e4 c5 2. Nf3 a6 3. c4 Nc6 4. d4 cxd4 5. Nxd4 e5 6. Nc2 Nf6 7. Nc3 Bc5 8. Be2 d6 9. O-O O-O 10. Bg5 h6 11. Be3 Bxe3 12. Nxe3 Nd4 13. Bd3 Be6 14.
Ncd5 Bxd5 15. exd5 Rc8 16. a4 Re8 17. f3 Qb6 18. a5 Qxb2 19. Rb1 Qa3 20. Rxb7 Qxa5 21. Kh1 Qc5 22. Nf5 Nxf5 23. Bxf5 Rb8 24. Rxb8 Rxb8 25. Qa4 a5 26. Ra1 g6 27. Bd3 Qd4 28. Bf1 Ra8 29. Rb1 Ra7 30. Qc6 Qc5 31. Qa4 Kg7 32. Rb5 Qf2 33. Rb1 h5 34. Qc6 a4 35.
Qxd6 a3 36. Qxe5 a2 37. Ra1 Rb7 38. h3 Rb1 39. Kh2 Qxf1 40. Rxa2 h4 0-1

[Event "Early-Titled-Tuesday-Blitz-September-05-2023"]
[Site "Chess.com"]
[Date "2023.09.05"]
[Round "2"]
[White "WiktoriaPOL"]
[Black "guillembaches"]
[Result "0-1"]
[WhiteElo "2281"]
[BlackElo "2499"]
[TimeControl "180+1"]
[EndTime "8:17:26 PDT"]
[Termination "guillembaches won on time"]

1. c4 e6 2. Nc3 d5 3. d4 h6 4.
cxd5 exd5 5. Bf4 Nf6 6. e3 Bd6 7.
Bxd6 Qxd6 8. Bd3 O-O 9. Nge2 c6 10. O-O Qe7 11. Qc2 Ne8 12. Ng3 Nd6 13. Rae1 a5 14. f3 Na6 15. a3 f5 16. Na4 Be6 17. e4 fxe4 18. fxe4 Rxf1+ 19. Rxf1 dxe4 20. Nxe4 Nxe4 21. Bxe4 Rf8 22. Re1 Qd6 23. Qd2 b5 24.
Nc3 b4 25. axb4 axb4 26. Ne2 Nc7 27. Rc1 Bd5 28. Bd3 Ne6 29. Bb1 Ng5 30. Ng3 Qe6 31. Qd3 Qf6 32. Rf1 Qe7 33. h4 Rxf1+ 34. Nxf1 Ne4 35.
Nd2 Nxd2 36. Qxd2 Qxh4 37. Qd3 Qg4 38. Qh7+ Kf8 39. Qh8+ Kf7 0-1

[Event "Early-Titled-Tuesday-Blitz-September-05-2023"]
[Site "Chess.com"]
[Date "2023.09.05"]
[Round "2"]
[White "Aureliano-Buendia"]
[Black "dropstoneDP"]
[Result "0-1"]
[WhiteElo "2651"]
[BlackElo "3005"]
[TimeControl "180+1"]
[EndTime "8:17:27 PDT"]
[Termination "dropstoneDP won by resignation"]

1. e4 e5 2. Nf3 Nf6 3. Nc3 Nc6 4. Bc4 Nxe4 5. O-O Nxc3 6. dxc3 f6 7. Nh4 g6 8. f4 Qe7 9. Kh1 d6 10. f5 Qg7 11.
Be3 Bd7 12. b4 Ne7 13. Be6 Bxe6 14. fxe6 f5 15. Qf3 O-O-O 16. Bxa7 Qf6 17. g3 Qxe6 18. Rfd1 Qc4 19. Ng2 Bg7 20. Bg1 h5 21. Qe3 h4 22.
gxh4 f4 23. Qf3 Qc6 24. Qxc6 bxc6 25. Bf2 Nf5 26. Rg1 Bf6 27. a4 Rh5 28. b5 cxb5 29. axb5 Rdh8 30. Ra8+ Kd7 31. Ra7 f3 32. b6 fxg2+ 33.
Rxg2 Ke6 34. Rxg6 cxb6 35. Rb7 Nxh4 36. Bxh4 Rxh4 37. Rg2 e4 38. Rxb6 Be5 39. Re2 Rxh2+ 40. Rxh2 Rxh2+ 41. Kg1 Rxc2 0-1

[Event "Early-Titled-Tuesday-Blitz-September-05-2023"]
[Site "Chess.com"]
[Date "2023.09.05"]
[Round "2"]
[White "koncheto"]
[Black "Aleksandar-Topalov"]
[Result "1/2-1/2"]
[WhiteElo "2526"]
[BlackElo "2366"]
[TimeControl "180+1"]
[EndTime "8:17:27 PDT"]
[Termination "Game drawn by repetition"]

1. e4 e6 2. d4 d5 3. Nd2 Nf6 4.
e5 Ng8 5. Bd3 Ne7 6. f4 h5 7.
Ngf3 g6 8. O-O Qd7 9. h3 b6 10. Qe2 a5 11. g4 Ba6 12. Bxa6 Nxa6 13. c3 c5 14. Kg2 Nb8 15. b3 Nbc6 16. Bb2 a4 17. dxc5 bxc5 18. c4 a3 19. Bc3 d4 20.
Ne4 Ng8 21. Be1 Be7 22. Bh4 hxg4 23. hxg4 Bxh4 24. Rh1 Qe7 25. g5 O-O-O 26. Nxh4 Qb7 27. Nd6+ Rxd6 28. exd6 Kd7 29. Nf3 Rxh1 30. Rxh1 Kxd6 31.
Kf2 Nge7 32. Ne5 Nxe5 33. Qxe5+ Kd7 34. Rh7 Qb4 35. Rxf7 Qd2+ 36. Qe2 Qc3 37. Rf6 d3 38.
Qxe6+ Ke8 39. Rxg6 Qd4+ 40. Kg3 Qg1+ 41. Kf3 Qf1+ 42.
Kg3 Qg1+ 43. Kh4 Qh1+ 44. Kg4 Qg2+ 45. Kh4 Qh2+ 46. Kg4 Qg2+ 47. Kh4 Qh2+ 48. Kg4 Qg2+ 1/2-1/2